 Dungeon Crawl Stone Soup version 0.29.1-15-g9cfb28693d (webtiles) character file.

Game seed: 14826792989742053497

511 croobank the Covert (level 7, 0/49 HPs)
             Began as an Octopode Delver on Mar 6, 2023.
             Slain by an orc warrior
             ... wielding a +1 vampiric long sword
              (8 damage)
             ... on level 5 of the Dungeon.
             The game lasted 00:06:31 (3090 turns).

croobank the Covert (Octopode Delver)               Turns: 3090, Time: 00:06:31

Health: 0/49       AC:  1    Str: 11    XL:     7   Next: 19%
Magic:  7/7        EV: 14    Int: 13    God:
Gold:   160        SH:  0    Dex: 17    Spells: 3/6 levels left

rFire   . . .      SeeInvis .   h - +3 long sword "Sehoot Qeja" {spect, +Blink Dex+2}
rCold   . . .      Faith    .   (no shield)
rNeg    + . .      Spirit   .   (helmet restricted)
rPois   .          Reflect  .   (no amulet)
rElec   .          Harm     .   s - ring of positive energy
rCorr   .          Rampage  .   (no ring)
Will    .....                   (no ring)
Stlth   +++++.....              (no ring)
HPRegen 0.16/turn               (no ring)
MPRegen 0.10/turn               (no ring)
                                (no ring)
                                (no ring)

@: no status effects
A: almost no armour, amphibious, 8 rings, camouflage 1, gelatinous body 1,
(nimble swimmer 1), tentacles
a: Evoke Blink


You were on level 5 of the Dungeon.
You visited 1 branch of the dungeon, and saw 7 of its levels.

You collected 160 gold pieces.

Inventory:

Hand Weapons
 a - a +0 hand axe
 h - the +3 long sword "Sehoot Qeja" (weapon) {spect, +Blink Dex+2}
   (You found it on level 6 of the Dungeon)

   When its wielder attacks, the weapon's spirit leaps out and strikes again.
   The spirit shares a part of any damage it takes with its wielder.
   Dex:       It affects your dexterity (+2).
   +Blink:    It lets you blink.
 j - a +0 hand axe of flaming
 l - a +1 dagger of venom
Magical Staves
 z - a staff of death
Jewellery
 s - a ring of positive energy (left tentacle)
Wands
 f - a wand of digging (3)
 n - a wand of iceblast (8)
 x - a wand of paralysis (11)
Scrolls
 b - a scroll of fog
 c - a scroll of magic mapping
 d - a scroll of fear
 k - a scroll of teleportation {unknown}
 o - 2 scrolls of blinking {unknown}
 q - 5 scrolls of enchant armour
 r - 2 scrolls of butterflies {unknown}
 w - a scroll of torment {unknown}
 y - a scroll of amnesia
Potions
 e - a potion of haste
 g - 6 potions of curing
 i - 2 potions of berserk rage
 m - a potion of ambrosia
 p - a potion of attraction
 t - a potion of lignification
 u - a potion of mutation
 v - 2 potions of heal wounds {unknown}


   Skills:
 + Level 4.4 Fighting
 * Level 4.3 Long Blades
 - Level 2.0 Axes
 + Level 3.7 Dodging
 + Level 8.1 Stealth


You had 3 spell levels left.
You knew the following spells:

 Your Spells              Type           Power      Damage    Failure   Level
a - Mephitic Cloud        Conj/Pois/Air  0%         N/A       67%         3

Your spell library contained the following spells:

 Spells                   Type           Power      Damage    Failure   Level
 Ignite Poison            Fire/Tmut/Pois 0%         N/A       67%         3
 Ozocubu's Armour         Ice            0%         N/A       67%         3
 Alistair's Intoxication  Tmut/Pois      0%         N/A       100%        5
 Borgnjor's Vile Clutch   Necr/Erth      0%         N/A       100%        5
 Freezing Cloud           Conj/Ice/Air   0%         6-21      100%        5
 Eringya's Noxious Bog    Tmut/Pois      0%         N/A       100%        6
 Ozocubu's Refrigeration  Ice            0%         4d7       100%        7


Dungeon Overview and Level Annotations

Branches:
Dungeon (7/15)
 Temple: D:4-7

Altars:
Kikubaaqudgha
Nemelex Xobeh

Shops:
D:2 =   D:4 (


Innate Abilities, Weirdness & Mutations

You cannot wear most types of armour.
You are amphibious.
You can wear up to eight rings at the same time.
Your skin changes colour to match your surroundings (Stealth+).
Your rubbery body absorbs attacks. (AC +1, EV +1)
((You are camouflaged when in or above water. (Stealth+)))
You have tentacles for arms and can constrict up to eight enemies at once.


Message History

The sentinel's mark upon you fades away.
You climb downwards.
There is a stone staircase leading up here.
An orc is nearby!
You barely miss the orc. Your grab misses the orc.
Your tentacle-slap misses the orc.
The orc hits you with a +0 whip! The orc closely misses you.
You slash the orc! You grab the orc. You tentacle-slap the orc.
You kill the orc!
An orc warrior comes into view.
It is wielding a +1 vampiric long sword.
Things that are here:
a +0 whip; an orc corpse An orc warrior is nearby!
You hit the orc warrior but do no damage.
Your grab misses the orc warrior. Your squeeze misses the orc warrior.
The orc warrior closely misses you.
You barely miss the orc warrior. You grab the orc warrior.
You squeeze the orc warrior, but do no damage.
You constrict the orc warrior, but do no damage.
An orc comes into view. It is wielding a +0 mace.
The orc warrior hits you with a +1 vampiric long sword!
You hit the orc warrior.
You squeeze the orc warrior, but do no damage.
The orc warrior is lightly wounded.
You constrict the orc warrior.
The orc warrior hits you with a +1 vampiric long sword!
You hit the orc warrior but do no damage.
The orc warrior is moderately wounded.
You constrict the orc warrior, but do no damage.
The orc warrior hits you with a +1 vampiric long sword!
The orc warrior draws strength from your wounds!
You are too injured to fight recklessly!
You release your grip on the orc warrior.
The orc warrior attacks as you move away!
The orc warrior hits you with a +1 vampiric long sword!
* * * LOW HITPOINT WARNING * * *
The orc warrior draws strength from your wounds!
The orc warrior attacks as you move away!
The orc warrior hits you with a +1 vampiric long sword!
You die...

### ..# #.#
#.#
#.###.#####.#>
#......../....
#####o#####.#.
#o# #.#####@#
#......<#
#########
#..### ##....
.....


You could see an orc warrior and an orc.

Vanquished Creatures
  3 scorpions (D:4)
  A jelly (D:4)
  A howler monkey (D:5)
  An orc priest (D:5)
  2 orc wizards
  An iguana (D:3)
  5 adders
  A white imp (D:5)
  2 dart slugs
  9 orcs
  11 endoplasms
  3 giant cockroaches
  11 goblins
  12 hobgoblins
  4 jackals (D:1)
  5 kobolds
  2 quokkas
  6 ball pythons
  2 bats
  5 frilled lizards
  2 rats
89 creatures vanquished.

Vanquished Creatures (others)
  5 plants (D:2)
  13 withered plants (D:2)
18 creatures vanquished.

Grand Total: 107 creatures vanquished

Notes
Turn   | Place    | Note
-------+----------+-------------------------------------------
     0 | D:5      | croobank the Octopode Delver began the quest for the Orb.
     0 | D:5      | Reached XP level 1. HP: 16/16 MP: 1/1
    17 | D:5      | Noticed an orc priest
    34 | D:6      | Identified the +3 long sword "Sehoot Qeja" {spect, +Blink
                  | Dex+2}
    41 | D:6      | Found a sparkling altar of Nemelex Xobeh.
    73 | D:5      | Reached XP level 2. HP: 21/21 MP: 2/2
    77 | D:5      | Noticed a howler monkey
    84 | D:5      | Killed a howler monkey
    85 | D:5      | Reached skill level 1 in Long Blades
    85 | D:5      | Reached XP level 3. HP: 26/26 MP: 3/3
   134 | D:5      | Reached skill level 7 in Stealth
   134 | D:5      | Reached XP level 4. HP: 31/31 MP: 4/4
   282 | D:4      | Reached XP level 5. HP: 36/36 MP: 5/5
   443 | D:4      | Found Jicw's Antique Weapon Shop.
   452 | D:4      | Reached XP level 6. HP: 43/43 MP: 6/6
  1580 | D:2      | Found Lihekovo's Jewellery Shoppe.
  1820 | D:2      | Found a faded altar of an unknown god.
  1834 | D:2      | Reached skill level 8 in Stealth
  2130 | D:3      | Learned a level 3 spell: Mephitic Cloud
  2206 | D:3      | Found an ancient bone altar of Kikubaaqudgha.
  2360 | D:3      | Reached XP level 7. HP: 49/49 MP: 7/7
  2877 | D:4      | Identified the +1 ring mail of the Gastropod {Rampage
                  | *Corrode rPois Str+2}
  3090 | D:5      | Slain by an orc warrior

Illustrated notes

Levels and vault maps discovered:
D:1:      lightli_arrival_farm, layout_basic, glass_columns_a,
          chequers_serial_rivers_micro_b, minmay_heptomino_l4
D:2:      layout_loops_ring, shapermc_ecumenical_altar_flowoftime, serial_shops,
          shop
D:3:      layout_basic, lemuel_tele_altar
D:4:      nicolae_cairo_tiling, layout_basic, serial_shops, shop, eino_curves_02
D:5:      layout_loops_corners, cheibriados_altar_1,
          minmay_temple_entry_crystal_x, minmay_misc_feat_enclosed
D:6:      layout_rooms, mainiacjoe_overflow_brackets
D:7:      minmay_octagon_keep, layout_cave_pools, nicolae_wu_jian_wuxing_cycle,
          enter_bailey_2, chequers_big_river, st_stairs_11

Skill      XL: |  1  2  3  4  5  6 |
---------------+-------------------+-----
Long Blades    | 1 2 3 4 |  4.3
Stealth        | 7 8 |  8.1
Dodging        | 3 |  3.7
Fighting       | 4 |  4.4
Axes           | |  2.0

Action                   |  1- 3 |  4- 6 |  7- 9 || total
-------------------------+-------+-------+-------++-------
Melee: Long sword        |     4 |    88 |    18 ||   110
       Constrict         |     3 |    19 |     4 ||    26
       Punch             |     1 |     1 |     1 ||     3
       Tentacles         |       |    11 |     4 ||    15
  Use: Scroll            |       |    10 |       ||    10
 Stab: Sleeping          |     3 |    33 |     6 ||    42
       Distracted        |       |     1 |       ||     1
Dodge: Dodged            |       |    24 |     4 ||    28
